 Dungeon Crawl Stone Soup version 0.21.0 (webtiles) character file.

5 tidbits the Sneak (level 1, -1/7 HPs)
             Began as a Felid Air Elementalist on Jan 7, 2018.
             Slain by a hobgoblin
             ... wielding a +0 club
              (7 damage)
             ... on level 1 of the Dungeon.
             The game lasted 00:01:16 (134 turns).

tidbits the Sneak (Felid Air Elementalist)           Turns: 134, Time: 00:01:17

Health: -1/7       AC:  1    Str:  4    XL:     1   Next: 66%
Magic:  1/4        EV: 18    Int: 16    God:
Gold:   0          SH:  0    Dex: 16    Spells: 3/4 levels left
                                        Lives:  0   Deaths: 0

rFire    . . .     SeeInvis +   (weapon unavailable)
rCold    . . .     Gourm    .   (shield unavailable)
rNeg     . . .     Faith    .   (armour unavailable)
rPois    .         Spirit   .   (helmet unavailable)
rElec    .         Reflect  .   (cloak unavailable)
rCorr    .         Harm     .   (gloves unavailable)
MR       .....                  (boots unavailable)
Stlth    +++.......             (no amulet)
HPRegen  0.02/turn              (no ring)
MPRegen  0.09/turn              (no ring)

@: quick
A: very small, no armour, no weapons or thrown items, stealth, claws 1, fangs 3,
see invisible, carnivore, speed 1, shaggy fur 1, slow metabolism 1, sharp paws
a: no special abilities


You were on level 1 of the Dungeon.
You were not hungry.

You visited 1 branch of the dungeon, and saw 1 of its levels.

Inventory:

Potions
 c - a potion of curing {unknown}
Books
 a - a book of Air

   Spells                             Type                      Level
   a - Shock                          Conjuration/Air              1
   b - Swiftness                      Charms/Air                   2
   c - Static Discharge               Conjuration/Air              3
   d - Airstrike                      Air                          4
   e - Lightning Bolt                 Conjuration/Air              5
Comestibles
 b - 4 rations


   Skills:
 - Level 2.6 Dodging
 + Level 3.1 Stealth
 + Level 0.8 Unarmed Combat
 - Level 2.0 Spellcasting
 - Level 0.8 Conjurations
 - Level 2.6 Air Magic


You had 3 spell levels left.
You knew the following spells:

 Your Spells              Type           Power        Failure   Level  Hunger
a - Shock                 Conj/Air       #...         10%         1    #......


Dungeon Overview and Level Annotations

Branches:
Dungeon (1/15)

Altars:


Innate Abilities, Weirdness & Mutations

You cannot wear armour.
You are incapable of wielding weapons or throwing items.
Your paws allow you to move quietly. (Stealth)
You have sharp claws.
You have razor-sharp teeth.
You have supernaturally acute eyesight. (SInv)
You are carnivorous and can eat meat at any time.
You cover ground quickly.
You are covered in fur. (AC +1)
You have a slow metabolism.
Your sharp claws are effective at attacking unaware monsters.


Message History

You kill the kobold!
The bat hits you but does no damage.
You miss the bat. The bat closely misses you. x2
Casting: Shock
Confirm with . or Enter, or press ? or * to list all spells.
Aiming: Shock
Press: ? - help, Shift-Dir - straight line The zap misses the bat.
The zap hits the bat.
The bat is severely wounded.
The bat barely misses you.
You barely miss the bat.
The bat is severely wounded.
The bat completely misses you.
Casting: Shock
Confirm with . or Enter, or press ? or * to list all spells.
You don't have enough magic to cast that spell.
You see here a whip.
You scratch the bat.
You kill the bat!
There is an open door here.
b - 2 rations (gained 1)
A rat comes into view.
Found a pair of gloves.
A bat comes into view.
You see here an orange potion.
c - an orange potion Your magical contamination has completely faded away.
The bat closely misses you. The bat misses you. The bat closely misses you.
The bat closely misses you. The bat hits you.
The bat hits you but does no damage. The bat hits you. The bat misses you.
The bat misses you. The bat hits you but does no damage.
The bat closely misses you.
Casting: Shock
Confirm with . or Enter, or press ? or * to list all spells.
Aiming: Shock
Press: ? - help, Shift-Dir - straight line The zap hits the bat.
You kill the bat!
Found a ration.
b - 3 rations (gained 1)
A goblin comes into view. It is wielding a dagger.
A giant cockroach comes into view.
The goblin shouts!
The goblin closely misses you.
A kobold comes into view. It is wielding a dagger.
Casting: Shock
Confirm with . or Enter, or press ? or * to list all spells.
Aiming: Shock
Press: ? - help, Shift-Dir - straight line The zap hits the goblin.
You kill the goblin!
Your Stealth skill increases to level 3!
Casting: Shock
Confirm with . or Enter, or press ? or * to list all spells.
Aiming: Shock
Press: ? - help, Shift-Dir - straight line The zap hits the giant cockroach.
The giant cockroach is severely wounded.
The zap hits the giant cockroach.
You kill the giant cockroach!
Unknown command.
You see here a giant cockroach corpse.
You see here a dagger.
Found a scale mail and a ration.
Casting: Shock
Confirm with . or Enter, or press ? or * to list all spells.
Aiming: Shock
Press: ? - help, Shift-Dir - straight line, f - kobold
Aim: a kobold, wielding a dagger (hasn't noticed you)
The zap hits the kobold.
You kill the kobold!
b - 4 rations (gained 1)
You open the door.
There is an open door here.
A hobgoblin comes into view. It is wielding a club.
The hobgoblin shouts!
Casting: Shock
Confirm with . or Enter, or press ? or * to list all spells.
Aiming: Shock
Press: ? - help, Shift-Dir - straight line The zap misses the hobgoblin.
The zap hits the hobgoblin.
The hobgoblin appears unharmed.
The hobgoblin closely misses you.
Casting: Shock
Confirm with . or Enter, or press ? or * to list all spells.
Aiming: Shock
Press: ? - help, Shift-Dir - straight line The zap misses the hobgoblin. x2; The hobgoblin misses you.
Casting: Shock
Confirm with . or Enter, or press ? or * to list all spells.
Aiming: Shock
Press: ? - help, Shift-Dir - straight line The zap hits the hobgoblin.
The hobgoblin is almost dead.
The zap misses the hobgoblin.
The hobgoblin hits you with a club!
Ouch! That really hurt!
You die...

### ...
#.. #.##
#..#####.#
#..g.....#
#.@#
###..##
#.....#
#.....#
#.....#
#.....#
#.....#
#.....#
#.....#


You could see a hobgoblin.

Vanquished Creatures
  A giant cockroach (D:1)
  A goblin (D:1)
  2 bats (D:1)
  2 kobolds (D:1)
6 creatures vanquished.

Notes
Turn   | Place    | Note
-------+----------+-------------------------------------------
     0 | D:1      | tidbits the Felid Air Elementalist began the quest for the Orb.
     0 | D:1      | Reached XP level 1. HP: 7/7 MP: 4/4
    90 | D:1      | Reached skill level 3 in Stealth
   134 | D:1      | Slain by a hobgoblin

Skill      XL: |  1 |
---------------+----+-----
Stealth        | 3 |  3.1
Dodging        | |  2.6
Unarmed Combat | |  0.8
Spellcasting   | |  2.0
Conjurations   | |  0.8
Air Magic      | |  2.6

Action                   || total
-------------------------++-------
Melee: Unarmed           ||     6
 Cast: Shock             ||    10
Armor: Skin              ||     4
Dodge: Dodged            ||    26

Table legend:
 A = Turns spent in this place as a percentage of turns spent in the entire game.
 B = Non-inter-level travel turns spent in this place as a percentage of non-inter-level travel turns spent in the entire game.
 C = Inter-level travel turns spent in this place as a percentage of turns spent in this place.
 D = Turns resting spent in this place as a percentage of non-inter-level travel turns spent in this place.
 E = Turns spent auto-exploring this place as a percentage of non-inter-level travel turns spent in this place.
 F = Non-inter-level travel turns spent in this place divided by the number of levels of this place that you've seen.
                   A       B       C       D       E      F
               +-------+-------+-------+-------+-------+----------------------
         Total | 100.0 | 100.0 |   0.0 |   0.0 |   0.0 | 134.0
       Dungeon | 100.0 | 100.0 |   0.0 |   0.0 |   0.0 | 134.0
               +-------+-------+-------+-------+-------+----------------------

Table legend:
 A = Kills in this place as a percentage of kills in entire the game.
 B = Kills by you in this place as a percentage of kills by you in the entire game.
 C = Kills by friends in this place as a percentage of kills by friends in the entire game.
 D = Other kills in this place as a percentage of other kills in the entire game.
 E = Experience gained in this place as a percentage of experience gained in the entire game.
 F = Experience gained in this place divided by the number of levels of this place that you have seen.
                   A       B       C       D       E      F
               +-------+-------+-------+-------+-------+----------------------
         Total | 100.0 | 100.0 |   N/A |   N/A | 100.0 |   8.0
       Dungeon | 100.0 | 100.0 |   N/A |   N/A | 100.0 |   8.0
               +-------+-------+-------+-------+-------+----------------------

Vault maps used:
D:1:      mrwooster_arrival_statue_3, minmay_distorted
